 Dungeon Crawl Stone Soup version 0.26-a0-34-g9e0bf03589 (webtiles) character file.

Game seed: 4849168876528461455, levelgen mode: deterministic

65734 Fv001 the Protected (level 14, -8/109 HPs)
             Began as a Demonspawn Fighter on May 29, 2020.
             Was a High Priest of Fedhas.
             Killed from afar by a shock serpent (21 damage)
             ... with a bolt of electricity
             ... on level 2 of the Snake Pit.
             The game lasted 01:34:03 (23054 turns).

Fv001 the Protected (Demonspawn Fighter)           Turns: 23054, Time: 01:34:05

Health: -8/109     AC: 29    Str: 18    XL:     14   Next: 76%
Magic:  10/21      EV: 14    Int: 10    God:    Fedhas [*****.]
Gold:   1066       SH: 12    Dex: 16    Spells: 13/13 levels left

rFire    + . .     SeeInvis .   b - +9 staff of Olgreb {rPois∞}
rCold    . . .     Gourm    .   c - +0 kite shield
rNeg     . . .     Faith    .   P - +2 plate armour {MR+}
rPois    ∞         Spirit   .   (helmet restricted)
rElec    .         Reflect  .   U - +0 cloak {Stlth+}
rCorr    +         Harm     .   d - +2 pair of gloves
MR       ++...                  u - +2 pair of boots
Stlth    ..........             O - amulet of regeneration
HPRegen  0.68/turn              l - ring of resist corrosion
MPRegen  0.17/turn              s - +4 ring of protection

@: about to teleport, radiating poison, repel missiles
A: horns 2, repulsion field 3, demonic guardian 1, fire resistance 1, spiny 2
a: Wall of Briars, Grow Ballistomycete, Overgrow, Grow Oklob, Renounce Religion


You were on level 2 of the Snake Pit.
You worshipped Fedhas.
Fedhas was extremely pleased with you.
You were not hungry.

You visited 5 branches of the dungeon, and saw 21 of its levels.

You collected 2138 gold pieces.
You spent 1072 gold pieces at shops.

Inventory:

Hand Weapons
 a - a +3 flail of venom
 b - the +9 staff of Olgreb (weapon) {rPois∞}
   (You found it on level 5 of the Dungeon)

   It grants immunity to poison.
 D - a +4 morningstar
Armour
 c - a +0 kite shield (worn)
 d - a +2 pair of gloves (worn)
 u - a +2 pair of boots (worn)
 w - a +0 plate armour of cold resistance
 x - a scarf of harm
 P - a +2 plate armour of magic resistance (worn)
 U - a +0 cloak of stealth (worn)
Jewellery
 l - a ring of resist corrosion (left hand)
 s - a +4 ring of protection (right hand)
 O - an amulet of regeneration (around neck)
 S - an uncursed ring of wizardry
Wands
 e - a wand of flame (5)
 p - a wand of acid (9)
 v - a wand of paralysis (12)
 G - a wand of enslavement (10)
 J - a wand of iceblast (7)
 K - a wand of polymorph (7)
 M - a wand of digging (4)
Scrolls
 n - a scroll of teleportation
 q - 10 scrolls of remove curse
 y - 4 scrolls of immolation
 C - 3 scrolls of fog
 E - a scroll of magic mapping
 F - a scroll of amnesia
 H - a scroll of blinking {unknown}
 L - 3 scrolls of fear
 Q - a scroll of acquirement {unknown}
Potions
 g - 7 potions of brilliance
 i - 6 potions of haste
 j - 2 potions of cancellation
 k - 5 potions of curing
 m - 2 potions of resistance
 o - a potion of magic
 r - 3 potions of flight
 t - 8 potions of stabbing
 z - 2 potions of mutation
 A - 2 potions of might
 R - 2 potions of lignification
 T - 2 potions of ambrosia
Miscellaneous
 I - a phantom mirror
Comestibles
 f - 32 rations
 B - 5 chunks of flesh


   Skills:
 + Level 9.8 Fighting
 - Level 10.8(10.9) Maces & Flails
 * Level 2.6(7.4) Staves
   Level 0.0 Slings
 * Level 11.4 Armour
 + Level 8.5 Dodging
 * Level 11.3 Shields
 + Level 9.8 Invocations
 + Level 7.6 Evocations


You had 13 spell levels left.
You didn't know any spells.
Your spell library contained the following spells:

 Spells                   Type           Power        Failure   Level  Hunger
 Animate Skeleton         Necr           N/A          100%        1    ##.....
 Apportation              Tloc           #.....       100%        1    ##.....
 Corona                   Hex            #......      100%        1    ##.....
 Freeze                   Ice            #...         100%        1    ##.....
 Magic Dart               Conj           #...         100%        1    ##.....
 Shock                    Conj/Air       #...         100%        1    ##.....
 Summon Butterflies       Summ           #.......     100%        1    ##.....
 Summon Small Mammal      Summ           #...         100%        1    ##.....
 Call Imp                 Summ           #.......     100%        2    ###....
 Poisonous Vapours        Pois/Air       #.....       100%        2    ###....
 Searing Ray              Conj           #.....       100%        2    ###....
 Swiftness                Chrm/Air       #.......     100%        2    ###....
 Call Canine Familiar     Summ           #.......     100%        3    ####...
 Confusing Touch          Hex            #.......     100%        3    ####...
 Conjure Flame            Conj/Fire      #.......     100%        3    ####...
 Dazzling Flash           Conj/Hex       #.....       100%        3    ####...
 Frozen Ramparts          Ice            #.....       100%        3    ####...
 Gell's Gravitas          Tloc           #.........   100%        3    ####...
 Lesser Beckoning         Tloc           #.........   100%        3    ####...
 Mephitic Cloud           Conj/Pois/Air  #.......     100%        3    ####...
 Ozocubu's Armour         Chrm/Ice       #.......     100%        3    ####...
 Static Discharge         Conj/Air       #.......     100%        3    ####...
 Summon Guardian Golem    Hex/Summ       #.......     100%        3    ####...
 Tukima's Dance           Hex            #.......     100%        3    ####...
 Airstrike                Air            #.........   100%        4    #####..
 Fulminant Prism          Conj/Hex       #.........   100%        4    #####..
 Hailstorm                Conj/Ice       #.......     100%        4    #####..
 Iskenderun's Mystic Bla  Conj/Tloc      #.......     100%        4    #####..
 Petrify                  Tmut/Erth      #.......     100%        4    #####..
 Summon Ice Beast         Ice/Summ       #.......     100%        4    #####..
 Summon Lightning Spire   Summ/Air       #.......     100%        4    #####..
 Alistair's Intoxication  Tmut/Pois      #.......     100%        5    ######.
 Lightning Bolt           Conj/Air       #.........   100%        5    ######.
 Metabolic Englaciation   Hex/Ice        #.........   100%        5    ######.
 Yara's Violent Unravell  Hex/Tmut       #.........   100%        5    ######.
 Freezing Cloud           Conj/Ice/Air   #.........   100%        6    #######
 Invisibility             Hex            #.......     100%        6    #######
 Ring of Flames           Chrm/Fire      #.........   100%        7    #######


Dungeon Overview and Level Annotations

Branches:
Dungeon (10/15)            Temple (1/1) D:5            Lair (6/6) D:10
  Swamp (0/4) Lair:4        Snake (2/4) Lair:4        Slime (0/5) Lair:6
    Orc (2/2) D:10            Elf (0/3) Orc:2

Altars:
Ashenzari
Cheibriados
Dithmenos
Elyvilon
Fedhas
Gozag
Hepliaklqana
Kikubaaqudgha
Makhleb
Nemelex Xobeh
Okawaru
Qazlal
Ru
Sif Muna
Trog
Uskayaw
Vehumet
Wu Jian
Xom
Yredelemnul
Zin
The Shining One
Beogh

Shops:
Orc:2 (=[*

Annotations:
D:3 1 runed translucent door, Crazy Yiuf
D:5 1 runed translucent door
D:7 2 runed translucent doors, kelmiir's ghost, novice GnWn


Innate Abilities, Weirdness & Mutations

You have a pair of horns on your head.
You are surrounded by a strong repulsion field. (EV +4, RMsl)
A weak demonic guardian rushes to your aid.
Your flesh is heat resistant. (rF+)
You are mostly covered in sharp spines.


Message History

You resist with almost no effort.
You begin to radiate toxic energy.
You feel slightly more hungry.
The shock serpent looks as sick as possible!
Cornered, the naga mage turns to fight!
The naga mage points at you and mumbles some strange words.
You resist with almost no effort.
The shock serpent shoots out a bolt of lightning at you!
The bolt of electricity hits you!!
* * * LOW HITPOINT WARNING * * *
The naga mage spits poison at you. The splash of poison misses you.
Unknown command.
As you read the scroll of teleportation, it crumbles to dust.
You feel strangely unstable.
The shock serpent looks as sick as possible!
The naga looks more healthy.
The shock serpent shoots out a bolt of lightning at you!
The bolt of electricity hits you!!
You die...
Fedhas appreciates your contribution to the ecosystem.

.# #..........###...#
.# #.........####..##
[.
###........####...#
.. #.........##
#....#
........N.####....#
...........##....###
.....................
....................#
....N...@..........##
.......)5.###....###
......N.### ......#
........# ........
.....N..# ...#####
.....S..# ###
......... ......<..
.......


You could see a shock serpent (fleeing, extremely poisoned), a naga mage (fast,
catching breath), 3 nagas and a friendly white imp (summoned).

Vanquished Creatures
  A stone giant (Orc:1)
  5 dire elephants (Lair:6)
  3 hydras
  3 naga warriors (Snake:1)
  3 anacondas
  A two-headed ogre (Orc:1)
  4 naga sharpshooters (Snake:1)
  A shock serpent (Snake:2)
  5 orc high priests
  A swamp dragon (Lair:4)
  6 orc knights
  A necromancer (Lair:4)
  5 orc sorcerers
  2 salamanders (Snake:1)
  9 black mambas
  13 elephants
  2 naga magi
  4 spiny frogs
  6 rime drakes
  9 komodo dragons
  A polar bear (Lair:6)
  3 trolls
  9 blink frogs
  A hornet (D:9)
  Prince Ribbit (D:8)
  2 hippogriffs
  26 yaks
  Eustachio (D:6)
  3 wyverns
  A basilisk (Lair:4)
  A hungry ghost (D:8)
  4 soldier ants (D:5)
  6 wargs
  Edmund (D:4)
  15 nagas
  Duvessa (D:6)
  5 porcupines
  12 water moccasins
  2 ice beasts
  26 orc warriors
  A sky beast (D:10)
  2 phantoms
  2 black bears (D:6)
  4 wolves (D:8)
  12 ogres
  5 centaurs
  7 crocodiles
  6 big kobolds (D:10)
  10 bullfrogs
  Blork the orc (D:6)
  A wyvern zombie (D:9)
  A gnoll sergeant (D:7)
  Dowan (D:6)
  9 killer bees
  An electric eel (Lair:1)
  A centaur zombie (D:5)
  3 crimson imps
  6 hounds
  18 jellies
  23 orc priests
  27 orc wizards
  A bullfrog skeleton (D:7)
  A centaur skeleton (D:9)
  2 iguanas (Lair:4)
  6 worker ants
  2 polar bear simulacra (Lair:4)
  2 wolf simulacra (Lair:4)
  5 yak simulacra (Lair:4)
  2 hound skeletons
  14 gnolls
  A howler monkey skeleton (D:5)
  A worker ant zombie (D:10)
  14 adders
  2 shadow imps
  8 oozes
  An adder skeleton (D:8)
  2 worms
  A dart slug (D:3)
  3 leopard geckos
  70 orcs
  3 giant cockroaches
  5 goblins
  10 hobgoblins
  6 jackals
  10 kobolds
  2 quokkas
  A ball python (D:2)
  6 bats
  3 frilled lizards
  A leopard gecko zombie (D:5)
  6 rats
  2 river rat simulacra (Lair:4)
539 creatures vanquished.

Vanquished Creatures (collateral kills)
  Jorgrun (Orc:2)
  An orc warlord (Orc:2)
  A stone giant (Orc:1)
  A dire elephant (Lair:6)
  2 hydras
  A two-headed ogre (D:9)
  2 orc sorcerers (Orc:2)
  A salamander (Snake:1)
  An elephant (Lair:6)
  A komodo dragon (Lair:3)
  A spiny frog (Lair:2)
  A rime drake (Lair:5)
  A hornet (D:9)
  A hippogriff (Lair:5)
  7 yaks
  Grum (D:8)
  A water moccasin (Lair:5)
  An ice beast (D:5)
  An eye of draining (D:9)
  4 orc warriors
  2 ogres
  A centaur (D:8)
  A crocodile (Lair:5)
  A bullfrog (Lair:3)
  2 killer bees (D:5)
  A jelly (Lair:6)
  A gnoll shaman (D:10)
  An orc priest (D:3)
  Ijyb (D:4)
  5 orc wizards
  3 gnolls
  An ooze (Lair:6)
  5 orcs
  3 ballistomycete spores
59 creatures vanquished.

Vanquished Creatures (others)
  5 dream sheep (D:9)
  A crocodile (Lair:4)
  An iguana (Lair:4)
  8 fungi
  7 plants
22 creatures vanquished.

Grand Total: 620 creatures vanquished

Notes
Turn   | Place    | Note
-------+----------+-------------------------------------------
     0 | D:1      | Fv001 the Demonspawn Fighter began the quest for the Orb.
     0 | D:1      | Reached XP level 1. HP: 18/18 MP: 1/1
   249 | D:1      | Gained mutation: A weak demonic guardian rushes to your
                  | aid. [demonic ancestry]
   249 | D:1      | Reached XP level 2. HP: 22/24 MP: 2/2
   917 | D:2      | Reached skill level 1 in Dodging
   917 | D:2      | Gained mutation: You have a pair of small horns on your
                  | head. [demonic ancestry]
   917 | D:2      | Reached XP level 3. HP: 29/29 MP: 3/3
  1040 | D:2      | Found a sparkling altar of Nemelex Xobeh.
  1123 | D:2      | Found an iron altar of Okawaru.
  1125 | D:2      | Found a radiant altar of Vehumet.
  1873 | D:3      | Reached XP level 4. HP: 31/35 MP: 4/4
  2369 | D:3      | Found a shadowy altar of Dithmenos.
  2403 | D:3      | Reached XP level 5. HP: 42/42 MP: 5/5
  2450 | D:3      | Found a runed translucent door.
  2451 | D:3      | Noticed Crazy Yiuf
  2486 | D:3      | Found a shimmering blue altar of Sif Muna.
  2758 | D:4      | Found a sparkling altar of Nemelex Xobeh.
  2758 | D:4      | Found a bloodstained altar of Trog.
  2758 | D:4      | Found a snail-covered altar of Cheibriados.
  2758 | D:4      | Found a hazy altar of Hepliaklqana.
  2758 | D:4      | Found a burning altar of Makhleb.
  2760 | D:4      | Found a white marble altar of Elyvilon.
  2760 | D:4      | Found an ornate altar of the Wu Jian Council.
  2761 | D:4      | Found a basalt altar of Yredelemnul.
  2853 | D:4      | Noticed a phantom
  2918 | D:4      | Killed a phantom
  3384 | D:4      | Noticed Ijyb
  3387 | D:4      | Noticed Edmund
  3393 | D:4      | Killed Ijyb
  3403 | D:4      | Killed Edmund
  3403 | D:4      | Reached XP level 6. HP: 23/48 MP: 6/6
  4146 | D:5      | Entered Level 5 of the Dungeon
  4146 | D:5      | Noticed a water moccasin
  4147 | D:5      | Found a runed translucent door.
  4148 | D:5      | Noticed a water moccasin
  4149 | D:5      | Found a runed translucent gate.
  4150 | D:5      | Found a runed translucent gate.
  4157 | D:5      | Found the +9 staff of Olgreb {rPois∞}
  4160 | D:5      | Noticed an ice beast
  4169 | D:5      | Killed an ice beast
  4275 | D:5      | Gained mutation: You are surrounded by a mild repulsion
                  | field. (EV +2) [demonic ancestry]
  4275 | D:5      | Reached XP level 7. HP: 35/55 MP: 7/7
  4463 | D:5      | Found a runed translucent gate.
  4464 | D:5      | Found a runed translucent door.
  5010 | D:5      | Found a staircase to the Ecumenical Temple.
  5096 | D:5      | Reached skill level 5 in Fighting
  5122 | D:5      | Gained mutation: You have a pair of horns on your head.
                  | [demonic ancestry]
  5122 | D:5      | Reached XP level 8. HP: 62/62 MP: 8/8
  5462 | D:5      | Found an ancient bone altar of Kikubaaqudgha.
  5659 | D:5      | Reached skill level 5 in Armour
  5659 | D:5      | Reached skill level 5 in Shields
  5947 | D:5      | Reached skill level 5 in Maces & Flails
  5951 | D:5      | Gained mutation: You are partially covered in sharp spines.
                  | [demonic ancestry]
  5951 | D:5      | Reached XP level 9. HP: 32/69 MP: 9/9
  6221 | Temple   | Entered the Ecumenical Temple
  6279 | Temple   | Became a worshipper of Fedhas Madash
  6624 | D:6      | Noticed Duvessa
  6624 | D:6      | Noticed Dowan
  6625 | D:6      | Noticed Eustachio
  6646 | D:6      | Killed Duvessa
  6650 | D:6      | Reached skill level 1 in Invocations
  6663 | D:6      | Killed Dowan
  6665 | D:6      | Killed Eustachio
  6665 | D:6      | Reached skill level 1 in Evocations
  6816 | D:6      | Noticed Blork the orc
  6826 | D:6      | Killed Blork the orc
  6826 | D:6      | Reached * piety under Fedhas
  6916 | D:6      | You fall into a shaft and drop 2 floors!
  6993 | D:8      | Noticed Grum
  7011 | D:8      | Reached skill level 5 in Dodging
  7018 | D:8      | Killed Grum
  7348 | D:8      | Noticed Prince Ribbit
  7359 | D:8      | Killed Prince Ribbit
  7552 | D:7      | Found a large runed translucent door.
  7552 | D:7      | Found a large runed translucent door.
  7552 | D:7      | Noticed kelmiir's ghost (novice GnWn)
  7642 | D:7      | Gained mutation: You are surrounded by a moderate repulsion
                  | field. (EV +3) [demonic ancestry]
  7642 | D:7      | Reached XP level 10. HP: 74/77 MP: 12/12
  7936 | D:7      | Found a bloodstained altar of Trog.
  8039 | D:7      | Reached ** piety under Fedhas
  8472 | D:8      | Found a glowing golden altar of the Shining One.
  8520 | D:8      | Found a blossoming altar of Fedhas.
  9047 | D:9      | Reached *** piety under Fedhas
  9407 | D:9      | Noticed a two-headed ogre
  9430 | D:9      | Killed a two-headed ogre
  9891 | D:9      | Found a shimmering altar of Xom.
 10332 | D:10     | Entered Level 10 of the Dungeon
 10339 | D:10     | Gained mutation: Your flesh is heat resistant. (rF+)
                  | [demonic ancestry]
 10339 | D:10     | Reached XP level 11. HP: 84/84 MP: 9/14
 10638 | D:10     | Found a staircase to the Orcish Mines.
 10646 | D:10     | Reached **** piety under Fedhas
 10650 | D:10     | Reached skill level 5 in Invocations
 10961 | D:10     | Found a staircase to the Lair.
 11139 | Lair:1   | Entered Level 1 of the Lair of Beasts
 12360 | Lair:2   | Noticed a six-headed hydra
 12370 | Lair:2   | Killed a six-headed hydra
 13082 | Lair:2   | Gained mutation: You are mostly covered in sharp spines.
                  | [demonic ancestry]
 13082 | Lair:2   | Reached XP level 12. HP: 73/92 MP: 16/16
 13551 | Lair:3   | Noticed a four-headed hydra
 13561 | Lair:3   | Killed a four-headed hydra
 13670 | Lair:3   | Reached skill level 5 in Evocations
 14447 | Lair:4   | You fall into a shaft and drop 2 floors!
 14447 | Lair:6   | Entered Level 6 of the Lair of Beasts
 14449 | Lair:6   | Noticed an eight-headed hydra
 14469 | Lair:5   | Killed an eight-headed hydra
 14896 | Lair:4   | Noticed a seven-headed hydra
 14905 | Lair:4   | Killed a seven-headed hydra
 14967 | Lair:4   | Found a staircase to the Swamp.
 15236 | Lair:4   | Found a staircase to the Snake Pit.
 16331 | Lair:5   | Noticed a six-headed hydra
 16337 | Lair:5   | Reached XP level 13. HP: 99/99 MP: 10/18
 17219 | Lair:6   | Reached skill level 10 in Armour
 17228 | Lair:6   | Noticed a dire elephant
 17228 | Lair:6   | Noticed a dire elephant
 17245 | Lair:6   | Killed a dire elephant
 17248 | Lair:6   | Killed a dire elephant
 17248 | Lair:6   | Reached skill level 10 in Shields
 17279 | Lair:6   | Noticed a dire elephant
 17310 | Lair:6   | Killed a dire elephant
 17384 | Lair:6   | Noticed a dire elephant
 17385 | Lair:6   | Noticed a dire elephant
 17398 | Lair:6   | Killed a dire elephant
 17412 | Lair:6   | Killed a dire elephant
 17488 | Lair:6   | Noticed a dire elephant
 17522 | Lair:6   | Killed a dire elephant
 17661 | Lair:6   | Reached skill level 10 in Maces & Flails
 17744 | Lair:6   | Found a staircase to the Slime Pits.
 18630 | Orc:1    | Entered Level 1 of the Orcish Mines
 18764 | Orc:1    | Noticed a stone giant
 18769 | Orc:1    | Noticed a stone giant
 18786 | Orc:1    | Killed a stone giant
 19021 | Orc:1    | Reached ***** piety under Fedhas
 19169 | Orc:1    | Found a transporter.
 19348 | Orc:2    | Entered Level 2 of the Orcish Mines
 19916 | Orc:2    | Gained mutation: You are surrounded by a strong repulsion
                  | field. (EV +4, RMsl) [demonic ancestry]
 19916 | Orc:2    | Reached XP level 14. HP: 87/108 MP: 20/20
 20062 | Orc:2    | Noticed Jorgrun
 20152 | Orc:2    | Noticed an orc warlord
 20163 | Orc:2    | Killed an orc warlord
 20163 | Orc:2    | Killed Jorgrun
 20394 | Orc:2    | Found a staircase to the Elven Halls.
 20979 | Orc:2    | Found Guijirat's General Store.
 20980 | Orc:2    | Found Hofekk's Jewellery Emporium.
 20984 | Orc:2    | Found Ustragust's Antique Armour Emporium.
 20984 | Orc:2    | Found Niupnyosi's Antique Weapon Shoppe.
 21045 | Orc:2    | Bought a pair of embroidered boots for 240 gold pieces
 21045 | Orc:2    | Bought a shiny plate armour for 832 gold pieces
 21159 | Orc:1    | Found a roughly hewn altar of Beogh.
 21159 | Orc:1    | Found a transporter.
 21224 | Orc:1    | Killed a stone giant
 21474 | Snake:1  | Entered Level 1 of the Snake Pit
 21581 | Snake:1  | Reached skill level 1 in Staves
 23054 | Snake:2  | Killed from afar by a shock serpent

Illustrated notes

Levels and vault maps discovered:
D:1:      ncdulo_watergridlock, layout_basic, chequers_jeans
D:2:      layout_basic, minitemple, first_ration, nemelex_altar_shiori
D:3:      layout_basic, lemuel_doored_altar, lemuel_blue_sif_altar,
          uniq_crazy_yiuf_cottage
D:4:      layout_basic, grunt_temple_overflow_open, supply_closet_lemuel,
          cheibrodos_gnoll_hut, uniq_ijyb, uniq_edmund
D:5:      layout_loops_corners, lemuel_coloured_pillars_altar,
          minmay_temple_entry_glassed_door,
          minmay_guarded_unrand_staff_of_olgreb
D:6:      layout_basic, chequers_garden, uniq_blork_the_orc, uniq_eustachio,
          uniq_duvessa
D:7:      layout_loops_ring, ebering_ghost_disaster_area,
          david_defended_altar_elf
D:8:      layout_cave_pools, tso_oasis_becter, basic_altar, uniq_grum,
          uniq_prince_ribbit1
D:9:      layout_long_grid, hangedman_little_slice_of_home,
          kb_xom_exploding_sheep
D:10:     layout_cave_pools, erik_lair_orcish_takeover,
          kennysheep_orc_monster_closet_entryway
Temple:   jpeg_temple_island
Lair:1:   layout_roguey, nicolae_quartered_pool_super, patterned_corridor
Lair:2:   layout_roguey
Lair:3:   layout_misc_corridors, lemuel_fruit_fields
Lair:4:   layout_roguey, minmay_swamp_entry_reptiles,
          guppyfry_snake_entry_island, eino_house_with_fridge
Lair:5:   layout_cave_pods, minmay_lair_drake_nest
Lair:6:   due_jungle_book, layout_layer_cave, minmay_slime_entry_jelly_boxes
Snake:1:  layout_onion
Snake:2:  layout_layer_cave, nicolae_coiled_stairwell_down, uniq_vashnia,
          uniq_saint_roka
Orc:1:    gammafunk_beogh_shrine, layout_diamond_mine
Orc:2:    st_orc_congregation, layout_diamond_mine, uniq_jorgrun

Skill      XL: |  1  2  3  4  5  6  7  8  9 10 11 12 13 14 |
---------------+-------------------------------------------+-----
Maces & Flails | 2 3 4 5 6 7 8 9 10 | 10.8
Shields        | 3 4 5 6 7 8 9 10 11 | 11.3
Armour         | 3 4 5 6 7 8 9 10 11 | 11.4
Dodging        | 1 2 3 4 5 6 7 8 |  8.5
Fighting       | 4 5 6 7 8 9 |  9.8
Invocations    | 3 4 6 7 8 9 |  9.8
Evocations     | 2 3 4 5 6 7 |  7.6
Staves         | 2 |  2.6

Action                   |  1- 3 |  4- 6 |  7- 9 | 10-12 | 13-15 || total
-------------------------+-------+-------+-------+-------+-------++-------
Melee: Flail             |   127 |   114 |   209 |   572 |   465 ||  1487
       Headbutt          |     7 |    16 |    40 |   156 |   169 ||   388
       Staff             |       |       |     3 |    34 |   210 ||   247
Invok: Overgrow          |       |       |       |     3 |     2 ||     5
       Wall of Briars    |       |       |       |     6 |     1 ||     7
       Grow Ballistomyce |       |       |       |     1 |       ||     1
Evoke: Staff of Olgreb   |       |       |    13 |     9 |    27 ||    49
       Wand              |       |       |     2 |     7 |    13 ||    22
  Use: Scroll            |     5 |     1 |     4 |    17 |     6 ||    33
       Potion            |       |     3 |     3 |       |     2 ||     8
 Stab: Distracted        |       |       |     1 |     7 |     7 ||    15
       Confused          |       |       |       |       |     1 ||     1
  Eat: Chunk             |     2 |     5 |    12 |    25 |    22 ||    66
       Ration            |       |     1 |       |     1 |     1 ||     3
Armor: Scale mail        |    70 |    65 |    13 |       |       ||   148
       Chain mail        |       |       |    68 |   174 |   144 ||   386
       Plate armour      |       |       |       |       |    83 ||    83
Dodge: Dodged            |    38 |    50 |    90 |   236 |   246 ||   660
       Repelled          |       |       |     6 |     9 |    25 ||    40
Block: Kite shield       |    72 |    83 |   139 |   285 |   436 ||  1015

Table legend:
 A = Non-vault XP
 B = Vault XP
 C = Vault XP percentage of total XP
 D = Non-vault monster count
 E = Vault monster count
 F = Vault count percentage of total count
                 A         B        C        D         E       F
            +---------+---------+-------+---------+---------+-------
      Total |   63236 |   30670 |  32.7 |     389 |     208 |  34.8
            +---------+---------+-------+---------+---------+-------
        D:1 |      32 |       0 |   0.0 |      15 |       0 |   0.0
        D:2 |      32 |       0 |   0.0 |      13 |       0 |   0.0
        D:3 |     161 |       0 |   0.0 |      29 |       0 |   0.0
        D:4 |     124 |     238 |  65.7 |       3 |       5 |  62.5
        D:5 |     925 |    1417 |  60.5 |      29 |      21 |  42.0
        D:6 |     534 |     464 |  46.5 |      14 |       4 |  22.2
        D:7 |    1123 |       0 |   0.0 |      33 |       0 |   0.0
        D:8 |     681 |     810 |  54.3 |      17 |       6 |  26.1
        D:9 |    4226 |     145 |   3.3 |      35 |       8 |  18.6
       D:10 |     986 |    2646 |  72.9 |      25 |      28 |  52.8
     Lair:1 |    3597 |       0 |   0.0 |      17 |       0 |   0.0
     Lair:2 |    4480 |       0 |   0.0 |      19 |       0 |   0.0
     Lair:3 |    6212 |       0 |   0.0 |      21 |       0 |   0.0
     Lair:4 |    3890 |    2180 |  35.9 |      11 |      20 |  64.5
     Lair:5 |    3722 |    1555 |  29.5 |      15 |       5 |  25.0
     Lair:6 |   13030 |    3448 |  20.9 |      32 |      20 |  38.5
    Snake:1 |   11330 |       0 |   0.0 |      22 |       0 |   0.0
    Snake:2 |    2187 |     820 |  27.3 |       7 |       1 |  12.5
      Orc:1 |    4441 |    5721 |  56.3 |      21 |      16 |  43.2
      Orc:2 |    1523 |   11226 |  88.1 |      11 |      74 |  87.1
            +---------+---------+-------+---------+---------+-------
